 Dungeon Crawl Stone Soup version 0.24.1-8-ga250c9d538 (webtiles) character file.

Game seed: 13764983633993938680, levelgen mode: deterministic

12502 RaHiT the Thaumaturge (level 11, -6/88 HPs)
             Began as a Red Draconian Ice Elementalist on May 6, 2020.
             Was a Believer of Sif Muna.
             Mangled by a spiny frog (17 damage)
             ... on level 3 of the Lair of Beasts.
             The game lasted 01:42:32 (10429 turns).

RaHiT the Thaumaturge (DrIE)                       Turns: 10429, Time: 01:42:33

Health: -6/88      AC: 10    Str: 11    XL:     11   Next: 63%
Magic:  23/25      EV: 14    Int: 19    God:    Sif Muna [**....]
Gold:   419        SH:  4    Dex: 11    Spells: 8/30 levels left

rFire    + . .     SeeInvis .   J - +5 long sword
rCold    . . .     Gourm    .   l - +0 buckler
rNeg     . . .     Faith    .   (armour unavailable)
rPois    .         Spirit   .   (helmet restricted)
rElec    .         Reflect  .   (no cloak)
rCorr    .         Harm     .   (no gloves)
MR       +....                  o - +2 pair of boots
Stlth    ++........             p - amulet of magic regeneration
HPRegen  0.24/turn              g - ring of protection from magic
MPRegen  0.44/turn              c - ring of wizardry

@: no status effects
A: breathe fire, unfitting armour, fire resistance 1, cold-blooded, AC +7
a: Breathe Fire, Channel Magic, Renounce Religion


You were on level 3 of the Lair of Beasts.
You worshipped Sif Muna.
Sif Muna was pleased with you.
You were hungry.

You visited 3 branches of the dungeon, and saw 12 of its levels.

You collected 443 gold pieces.
You spent 24 gold pieces at shops.

Inventory:

Hand Weapons
 u - a +0 short sword
 J - a +5 long sword (weapon)
 Q - a +0 arbalest of velocity
Missiles
 a - 277 stones
 m - 44 poisoned darts (quivered)
 w - 4 boomerangs
 x - 3 throwing nets
 z - 33 sling bullets
 A - 90 bolts
Armour
 l - a +0 buckler (worn)
 o - a +2 pair of boots (worn)
 y - a +0 large shield of resistance
Jewellery
 c - a ring of wizardry (right hand)
 g - a ring of protection from magic (left hand)
 p - an amulet of magic regeneration (around neck)
 I - an uncursed ring of teleportation
Wands
 s - a wand of disintegration (13)
 C - a wand of clouds (3)
 O - a wand of iceblast (7)
Scrolls
 d - 5 scrolls of remove curse
 h - a scroll of blinking
 i - 2 scrolls of immolation
 n - 2 scrolls of teleportation
 q - a scroll of fear
 r - 2 scrolls of enchant armour
 t - a scroll of fog
 v - 4 scrolls of enchant weapon
 B - a scroll of vulnerability
 E - a scroll of magic mapping
 H - a scroll of amnesia
Potions
 e - 3 potions of haste
 f - a potion of curing
 j - 2 potions of cancellation
 k - 5 potions of flight
 D - a potion of might
 F - a potion of lignification
 G - a potion of ambrosia {unknown}
 K - 2 potions of berserk rage {unknown}
 L - a potion of invisibility {unknown}
 M - a potion of brilliance {unknown}
 P - 3 potions of heal wounds {unknown}
 R - a potion of magic {unknown}
 S - a potion of resistance {unknown}
 U - a potion of agility {unknown}
Miscellaneous
 N - a crystal ball of energy
Comestibles
 b - 10 rations
 T - 8 chunks of flesh


   Skills:
 - Level 5.2 Fighting
 - Level 6.0 Dodging
 - Level 2.0 Stealth
 - Level 4.1 Shields
 - Level 10.0 Spellcasting
 - Level 6.1 Conjurations
 - Level 3.0 Summonings
 + Level 9.2 Ice Magic


You had 8 spell levels left.
You knew the following spells:

 Your Spells              Type           Power        Failure   Level  Hunger
a - Freeze                Ice            ####         1%          1    None
b - Ozocubu's Armour      Chrm/Ice       ####....     1%          3    None
c - Summon Ice Beast      Ice/Summ       ####....     2%          4    ##.....
d - Throw Icicle          Conj/Ice       #####...     1%          4    ##.....
e - Throw Frost           Conj/Ice       #####.       1%          2    None
f - Mephitic Cloud        Conj/Pois/Air  ###.....     4%          3    None
g - Metabolic Englaciati  Hex/Ice        ####......   12%         5    #####..

Your spell library contained the following spells:

 Spells                   Type           Power        Failure   Level  Hunger
 Sting                    Conj/Pois      ###.         1%          1    None
 Beastly Appendage        Tmut           #.....       3%          1    None
 Confusing Touch          Hex            #.....       3%          1    None
 Poisonous Vapours        Pois/Air       #.....       4%          2    None
 Sticks to Snakes         Tmut           #.......     4%          2    None
 Ice Form                 Ice/Tmut       ####....     4%          4    ##.....
 Confuse                  Hex            #.......     9%          3    None
 Gell's Gravitas          Tloc           #.........   9%          3    None
 Spider Form              Tmut/Pois      #.........   9%          3    None
 Venom Bolt               Conj/Pois      ###.......   22%         5    #####..
 Olgreb's Toxic Radiance  Pois           #.......     28%         4    ##.....
 Petrify                  Tmut/Erth      #.......     28%         4    ##.....
 Blade Hands              Tmut           #.........   58%         5    #####..
 Yara's Violent Unravell  Hex/Tmut       #.........   58%         5    #####..


Dungeon Overview and Level Annotations

Branches:
Dungeon (8/15)             Temple (1/1) D:7            Lair (3/6) D:8
  Snake (0/4) Lair:3
  Swamp: Lair:2-4    Shoals: Lair:2-4

Altars:
Ashenzari
Cheibriados
Dithmenos
Elyvilon
Fedhas
Gozag
Hepliaklqana
Kikubaaqudgha
Makhleb
Nemelex Xobeh
Okawaru
Qazlal
Ru
Sif Muna
Trog
Uskayaw
Vehumet
Wu Jian
Xom
Yredelemnul
Zin
The Shining One

Shops:
D:5 *   D:6 :   D:7 *   D:8 }

Annotations:
Lair:3 Rupert


Innate Abilities, Weirdness & Mutations

You can breathe blasts of fire.
Your fiery red scales are hard. (AC +7)
You cannot fit into any form of body armour.
Your flesh is heat resistant. (rF+)
You are cold-blooded and may be slowed by cold attacks.


Message History

Found a stone staircase leading up.
A komodo dragon and a spiny frog come into view.
The komodo dragon hisses angrily.
The spiny frog croaks.
The spiny frog stings you!!
* * * LOW HITPOINT WARNING * * *
Casting: Freeze (safe; 1% risk of failure)
Confirm with . or Enter, or press ? or * to list all spells.
A chill wind blows around you.
You are feeling hungry.
The spiny frog stings you!
* * * LOW HITPOINT WARNING * * *
Your ice beast hits the spiny frog but does no damage.
The komodo dragon barely misses your ice beast.
The spiny frog stings you!
* * * LOW HITPOINT WARNING * * *
You feel better.
Your ice beast hits the spiny frog but does no damage.
The komodo dragon misses your ice beast.
The spiny frog stings you!
You die...

#..<......## #..l.......#
#.........P# #..####.P..##
..≈≈ ..> #.#### #..≈≈.^..
##l.## ##..≈≈≈...
#####.#Y.## #..#.≈≈≈..
###.#P.#F.#.# ##.#≈P≈≈≈≈
#........@..## ##.....P≈≈≈
#.#...#.P....###PP....#.P≈
#...........[.........'...
##..#†##.P.#.#........##.#
##.....#.....####......# #
#..P.÷...P##.# #P......##
##...........# #..#####.#
########P#### ###.# ### ##
###


You could see a komodo dragon, a spiny frog and a friendly ice beast.

Vanquished Creatures
  A death yak (D:7)
  2 spiny frogs
  3 blink frogs
  Grinder (D:5)
  Prince Ribbit (D:5)
  A dream sheep (Lair:2)
  4 hippogriffs
  Sigmund (D:3)
  11 yaks
  A hungry ghost (D:8)
  Menkaure (D:5)
  7 porcupines
  3 ice beasts
  An ogre (D:8)
  3 wolves (Lair:3)
  A centaur (D:7)
  4 bullfrogs
  A scorpion (D:8)
  A howler monkey (D:3)
  11 wights
  3 crimson imps
  A quasit (D:7)
  4 hounds
  An orc wizard (D:6)
  4 worker ants
  2 hound skeletons
  2 worker ant zombies (D:7)
  4 gnolls
  7 adders
  4 oozes
  An adder skeleton (D:5)
  2 adder zombies
  A worm (D:1)
  2 dart slugs (D:1)
  2 leopard geckos
  4 orcs
  2 giant cockroaches
  5 goblins
  5 hobgoblins
  9 jackals
  2 quokkas
  3 ball pythons
  6 bats
  6 frilled lizards
  A jackal skeleton (D:8)
  2 kobolds
  A leopard gecko skeleton (D:5)
  8 rats
153 creatures vanquished.

Vanquished Creatures (collateral kills)
  Harold (Lair:2)
  A two-headed ogre (D:8)
  2 death yaks (D:8)
  Pikel (D:7)
  A black mamba (Lair:2)
  5 spiny frogs
  2 komodo dragons
  3 blink frogs
  A polar bear (Lair:2)
  5 dream sheep (Lair:2)
  10 yaks
  A steam dragon (Lair:3)
  2 basilisks
  A porcupine (Lair:1)
  2 water moccasins
  A slave (D:7)
  A phantom (D:4)
  2 wolves (Lair:3)
  An ogre (D:7)
  A centaur (D:8)
  3 crocodiles
  2 bullfrogs
  A gnoll sergeant (D:5)
  A scorpion (D:5)
  2 wights
  An orc priest (D:6)
  A bullfrog skeleton (D:5)
  An orc wizard (D:8)
  2 adders (D:3)
  6 gnolls
  A river rat (D:7)
  A worm (D:5)
  5 orcs
  2 goblins (D:3)
73 creatures vanquished.

Vanquished Creatures (others)
  An adder (D:7)
  8 fungi
  3 plants (Lair:2)
12 creatures vanquished.

Grand Total: 238 creatures vanquished

Notes
Turn   | Place    | Note
-------+----------+-------------------------------------------
     0 | D:1      | RaHiT the Draconian Ice Elementalist began the quest for
                  | the Orb.
     0 | D:1      | Reached XP level 1. HP: 14/14 MP: 3/3
   281 | D:1      | Reached XP level 2. HP: 20/20 MP: 1/5
   859 | D:1      | Reached skill level 3 in Spellcasting
   929 | D:2      | Reached XP level 3. HP: 22/26 MP: 3/7
  1503 | D:2      | Reached XP level 4. HP: 30/33 MP: 5/9
  1608 | D:2      | Reached skill level 4 in Spellcasting
  1804 | D:2      | Reached XP level 5. HP: 19/38 MP: 12/12
  2119 | D:3      | Reached skill level 5 in Spellcasting
  2124 | D:3      | Learned a level 3 spell: Ozocubu's Armour
  2129 | D:3      | Learned a level 4 spell: Summon Ice Beast
  2134 | D:3      | Learned a level 4 spell: Throw Icicle
  2137 | D:3      | Learned a level 2 spell: Throw Frost
  2651 | D:3      | Reached XP level 6. HP: 29/45 MP: 9/13
  2667 | D:3      | Noticed Sigmund
  2682 | D:3      | Killed Sigmund
  2682 | D:3      | Reached skill level 5 in Ice Magic
  2887 | D:4      | Found a shattered altar of Ashenzari.
  3056 | D:4      | Found a sparkling altar of Nemelex Xobeh.
  3056 | D:4      | Found a radiant altar of Vehumet.
  3061 | D:4      | Found a shattered altar of Ashenzari.
  3220 | D:4      | Your scales start taking on a fiery red colour.
  3220 | D:4      | Reached XP level 7. HP: 50/50 MP: 14/14
  3220 | D:4      | Gained mutation: Your flesh is heat resistant. (rF+) [Red
                  | Draconian growth]
  3418 | D:5      | Entered Level 5 of the Dungeon
  3450 | D:5      | Reached skill level 1 in Fighting
  3520 | D:5      | Got a jewelled buckler
  3530 | D:5      | Identified the +0 buckler of the Barnacle {-Cast Dex+5}
                  | (You found it on level 5 of the Dungeon)
  3619 | D:5      | Noticed Menkaure
  3639 | D:5      | Killed Menkaure
  3823 | D:5      | Noticed Grinder
  3866 | D:5      | Killed Grinder
  3866 | D:5      | Reached skill level 6 in Spellcasting
  3866 | D:5      | Reached XP level 8. HP: 63/63 MP: 1/17
  3929 | D:5      | Found a sacrificial altar of Ru.
  3969 | D:5      | Found a bloodstained altar of Trog.
  3970 | D:5      | Found Negyepp's General Store.
  4075 | D:5      | Reached skill level 5 in Ice Magic
  4221 | D:5      | Noticed Prince Ribbit
  4232 | D:5      | Killed Prince Ribbit
  5085 | D:6      | Found Bampom's Book Boutique.
  5205 | D:7      | Noticed Pikel
  5218 | D:7      | Killed Pikel
  5218 | D:7      | Reached skill level 1 in Shields
  5240 | D:7      | Noticed a hippogriff
  5252 | D:7      | Killed a hippogriff
  5252 | D:7      | Reached XP level 9. HP: 68/69 MP: 4/18
  5333 | D:7      | Found a staircase to the Ecumenical Temple.
  5367 | D:7      | Reached skill level 5 in Conjurations
  5406 | Temple   | Entered the Ecumenical Temple
  5458 | Temple   | Became a worshipper of Sif Muna the Loreminder
  5710 | D:7      | Learned a level 3 spell: Mephitic Cloud
  5855 | D:7      | Found Ypoawew's General Store.
  5875 | D:7      | Bought a scroll of identify for 24 gold pieces
  5957 | D:8      | Noticed a death yak
  5960 | D:8      | Noticed a death yak
  5961 | D:8      | Noticed a death yak
  5985 | D:7      | Killed a death yak
  5985 | D:7      | Reached skill level 7 in Spellcasting
  6200 | D:8      | Killed a death yak
  6200 | D:8      | Reached XP level 10. HP: 70/80 MP: 12/21
  6213 | D:8      | Killed a death yak
  6213 | D:8      | Reached skill level 5 in Fighting
  6245 | D:8      | Reached * piety under Sif Muna
  6291 | D:8      | Found Jukeull's Gadget Shoppe.
  6575 | D:8      | Found a staircase to the Lair.
  6735 | D:8      | Noticed a two-headed ogre
  6747 | D:8      | Killed a two-headed ogre
  6944 | Lair:1   | Entered Level 1 of the Lair of Beasts
  7094 | Lair:1   | Noticed a spiny frog
  7099 | Lair:1   | Killed a spiny frog
  7099 | Lair:1   | Reached skill level 8 in Spellcasting
  7118 | Lair:1   | Noticed a spiny frog
  7139 | Lair:1   | Killed a spiny frog
  7164 | Lair:1   | Noticed a spiny frog
  7501 | Lair:1   | Killed a spiny frog
  7778 | Lair:1   | Reached skill level 9 in Spellcasting
  8035 | Lair:1   | Noticed a spiny frog
  8048 | Lair:1   | Killed a spiny frog
  8055 | Lair:1   | Learned a level 5 spell: Metabolic Englaciation
  8153 | Lair:1   | Reached XP level 11. HP: 84/88 MP: 17/24
  8275 | Lair:2   | Reached ** piety under Sif Muna
  8400 | Lair:2   | Reached skill level 10 in Spellcasting
  8580 | Lair:2   | Noticed Harold
  9416 | Lair:1   | HP: 4/88 [poisoned by a black mamba]
  9422 | Lair:1   | HP: 4/88 [poisoned by a black mamba]
  9429 | Lair:1   | HP: 3/88 [poisoned by a black mamba]
  9826 | Lair:2   | Reached skill level 5 in Dodging
 10044 | Lair:2   | Killed Harold
 10252 | Lair:3   | Reached *** piety under Sif Muna
 10332 | Lair:3   | Noticed a six-headed hydra
 10336 | Lair:3   | Noticed Rupert
 10406 | Lair:3   | Found a staircase to the Snake Pit.
 10428 | Lair:3   | HP: 4/88 [spiny frog (11)]
 10429 | Lair:3   | Mangled by a spiny frog

Levels and vault maps discovered:
D:1:      evilmike_arrival_rings, layout_basic
D:2:      layout_basic, first_ration
D:3:      layout_loops_cross, lightli_corner_chamber, uniq_sigmund
D:4:      layout_cave_pools, minitemple, cheibrodos_ashenzari_chains
D:5:      layout_basic, nicolae_ru_path_of_blood, serial_shops, shop,
          basic_altar, uniq_menkaure, uniq_grinder, uniq_prince_ribbit1
D:6:      layout_gridville, serial_shops, shop
D:7:      layout_rooms, minmay_temple_entry_statues_fountains, serial_shops,
          nicolae_shop_statue_plus, minmay_quadrilaterals, uniq_pikel
D:8:      layout_gridville, dpeg_lair_monsters, serial_shops, shop_fountains
Temple:   hc_temple_tempest_star
Lair:1:   layout_cave_pods, beast_lair_carwin_10
Lair:2:   layout_regular_city, grunt_megastairs_4, uniq_harold
Lair:3:   layout_roguey, guppyfry_snake_entry_island, uniq_rupert

Skill      XL: |  1  2  3  4  5  6  7  8  9 10 11 |
---------------+----------------------------------+-----
Stealth        | 2 |  2.0
Dodging        | 2 3 4 6 |  6.0
Spellcasting   | 3 4 5 6 7 9 10 | 10.0
Ice Magic      | 4 4 6 8 9 |  9.2
Summonings     | 2 3 |  3.0
Fighting       | 3 4 5 |  5.2
Conjurations   | 4 6 |  6.1
Shields        | 1 4 |  4.1

Action                   |  1- 3 |  4- 6 |  7- 9 | 10-12 || total
-------------------------+-------+-------+-------+-------++-------
Melee: Unarmed           |     6 |       |       |       ||     6
       Rapier            |    12 |    18 |       |       ||    30
       Tailslap          |       |     6 |    16 |    10 ||    32
       Long sword        |       |    44 |    75 |    77 ||   196
 Fire: Arbalest          |       |       |     6 |     3 ||     9
Throw: Stone             |    59 |    38 |     4 |       ||   101
       Dart              |     3 |    33 |    36 |     9 ||    81
       Boomerang         |       |       |    14 |     9 ||    23
 Cast: Freeze            |    47 |    21 |    38 |    57 ||   163
       Summon Ice Beast  |       |     4 |    31 |    91 ||   126
       Throw Icicle      |       |       |    21 |    12 ||    33
       Throw Frost       |       |       |     1 |     7 ||     8
       Ozocubu's Armour  |       |       |     5 |     4 ||     9
       Mephitic Cloud    |       |       |     1 |     3 ||     4
       Metabolic Englaci |       |       |       |     4 ||     4
 Abil: Breathe Fire      |       |       |     8 |     4 ||    12
Evoke: Wand              |       |     1 |     1 |       ||     2
  Use: Scroll            |     7 |     3 |     5 |     6 ||    21
       Potion            |       |     1 |       |     4 ||     5
 Stab: Sleeping          |     1 |     2 |       |       ||     3
       Distracted        |       |       |       |     1 ||     1
  Eat: Chunk             |     2 |     6 |    10 |    13 ||    31
       Ration            |       |       |     3 |     3 ||     6
Armor: Skin              |    15 |    23 |    59 |    36 ||   133
Dodge: Dodged            |    35 |    63 |   119 |    85 ||   302
Block: Buckler           |       |       |       |    27 ||    27
       Rpst.: Long sword |       |    12 |    24 |    29 ||    65
